 Dungeon Crawl Stone Soup version 0.30.0-19-gbf45117a57 (webtiles) character file.

Game seed: 8833788107772348508

109 qw the Chopper (level 4, 0/28 HPs)
             Began as a Gargoyle Fighter on May 23, 2023.
             Slain by an ice beast (5 damage)
             ... on level 3 of the Dungeon.
             The game lasted 00:00:55 (1630 turns).

qw the Chopper (Gargoyle Fighter)                   Turns: 1630, Time: 00:00:55

Health: 0/28       AC: 10    Str: 21    XL:     4   Next: 90%
Magic:  4/4        EV:  9    Int:  9    God:
Gold:   148        SH:  4    Dex:  9    Spells: 3/3 levels left

rFire   . . .        Y - +0 war axe
rCold   . . .        c - +0 buckler
rNeg    + . .        b - +0 scale mail
rPois   inf          (no helmet)
rElec   +            (no cloak)
rCorr   .            (no gloves)
SInv    .            (no boots)
Will    .....        (no amulet) Stlth
                     (no ring)
HPRegen 0.24/turn    (no ring)
MPRegen 0.09/turn

%: no passive effects
@: no status effects
A: sickness immunity, AC +3, negative energy resistance 1, electricity
resistance, torment resistance 1, petrification resistance
a: no special abilities


You were on level 3 of the Dungeon.
You visited 1 branch of the dungeon, and saw 3 of its levels.

You collected 148 gold pieces.


Innate Abilities, Weirdness & Mutations

You are immune to sickness and miasma.
Your stone body is resilient. (AC +3)
You are immune to poison.
You resist negative energy. (rN+)
You are resistant to electric shocks. (rElec)
You are resistant to unholy torment.
You are immune to petrification.


   Skills:
 - Level 3.2 Fighting
 + Level 4.2 Axes
 - Level 1.1 Throwing
 - Level 3.2 Armour
 - Level 3.2 Shields


You had 3 spell levels left.
You didn't know any spells.
Your spell library was empty.

Inventory:

Hand Weapons
 i - a +0 whip of draining
 Y - a +0 war axe (weapon)
Missiles
 k - 2 javelins (quivered)
Armour
 b - a +0 scale mail (worn)
 c - a +0 buckler (worn)
Scrolls
 e - a scroll of fear {unknown}
 h - 2 scrolls of identify
Potions
 a - a potion of degeneration {unknown}
 d - a potion of might
 f - a potion of brilliance {unknown}
 g - 4 potions of curing

Dungeon Overview and Level Annotations

Branches:
Dungeon (3/15)

Altars:
Nemelex Xobeh
Trog


Message History

The hobgoblin is heavily wounded.
You hit the hobgoblin but do no damage.
The hobgoblin is heavily wounded.
The hobgoblin barely misses you.
You barely miss the hobgoblin.
The hobgoblin is heavily wounded.
The hobgoblin closely misses you.
You hit the hobgoblin.
You kill the hobgoblin!
You now have 131 gold pieces (gained 14).
There is an open door, spattered with blood here.
There is a stone staircase leading up here.
k - 2 javelins (gained 1)
There is a stone staircase leading down here.
An endoplasm comes into view.
You throw a javelin.
The javelin pierces through the endoplasm!
You kill the endoplasm!
You now have 133 gold pieces (gained 2).
k - 2 javelins (gained 1)
e - a scroll labelled KALAUB OQIN You now have 148 gold pieces (gained 15).
You open the door.
There is an open door here.
h - 2 scrolls of identify (gained 1)
You open the door.
There is an open door here.
You open the door.
An ice beast comes into view.
You closely miss the ice beast.
The ice beast hits you but does no damage. x2
You hit the ice beast but do no damage. The ice beast hits you.
The ice beast freezes you.
You barely miss the ice beast. The ice beast hits you.
The ice beast freezes you!
You hit the ice beast but do no damage.
The ice beast hits you but does no damage.
You hit the ice beast but do no damage. The ice beast hits you.
The ice beast freezes you.
You die...

######## .......#
######.# # .....#.#
.. ##...#.# ...
##...#.# ###### ....
.#...#.# #....#
..... .....#.#
#....###......
.....#.#
#....'@Y......
.....#.#
#....###......
..##.#.# #....#
..... .......#
###'## .... #####.##
#.###### ### #.#
#......#
####.#######......#
##.................+
<####..'######.....#


You could see an ice beast.

Vanquished Creatures
  4 gnolls (D:3)
  An adder (D:2)
  A dart slug (D:1)
  4 orcs (D:3)
  6 endoplasms
  6 goblins
  5 hobgoblins
  3 jackals (D:1)
  4 kobolds
  4 quokkas
  2 ball pythons
  5 bats
  4 frilled lizards
  8 rats
57 creatures vanquished.

Notes
Turn   | Place    | Note
-------+----------+-------------------------------------------
     0 | D:1      | qw the Gargoyle Fighter began the quest for the Orb.
     0 | D:1      | Reached XP level 1. HP: 14/14 MP: 1/1
     0 | D:1      | 0 ||| qw: Version: 0.2-a-98-g5d7165a
     0 | D:1      | 0 ||| qw: Game counter: 29
     0 | D:1      | 0 ||| qw: Always use a shield: true
     0 | D:1      | 0 ||| qw: God list: Okawaru
     0 | D:1      | 0 ||| qw: Allow faded altars: false
     0 | D:1      | 0 ||| qw: Do Orc after D:15 true
     0 | D:1      | 0 ||| qw: Do second Lair branch before Depths: true
     0 | D:1      | 0 ||| qw: Lair rune preference: random
     0 | D:1      | 0 ||| qw: Plans: Normal, Zot:1-4, God:TSO, Crypt, Tomb,
                  | Pan, Slime:5, Hells, Abyss, Win
     0 | D:1      | 0 ||| PLANNING D:1-11
    58 | D:1      | Reached skill level 2 in Axes
    59 | D:1      | 59 ||| Stepping ~*~*~tactically~*~*~ (stealth).
    91 | D:1      | Reached XP level 2. HP: 19/19 MP: 2/2
   196 | D:1      | 196 ||| Stepping ~*~*~tactically~*~*~ (hiding).
   344 | D:1      | 344 ||| Stepping ~*~*~tactically~*~*~ (stealth).
   481 | D:1      | Found a faded altar of an unknown god.
   676 | D:1      | Reached skill level 3 in Axes
   683 | D:1      | Reached XP level 3. HP: 22/23 MP: 3/3
   754 | D:1      | 754 ||| DROPPING ring of flight.
   755 | D:1      | 755 ||| READING 2 scrolls labelled IFAHIA ABYVEI.
   756 | D:1      | 756 ||| READING scroll labelled WYWNOM WEPAAF.
   757 | D:1      | 757 ||| DRINKING 4 lumpy black potions.
   758 | D:1      | 758 ||| DROPPING scroll of blinking.
   830 | D:2      | 830 ||| Stepping ~*~*~tactically~*~*~ (stealth).
   851 | D:2      | 851 ||| DROPPING +0 club.
   867 | D:2      | Reached skill level 1 in Throwing
   898 | D:2      | You fall into a shaft and drop 1 floor!
   901 | D:3      | Found a sparkling altar of Nemelex Xobeh.
   901 | D:3      | Found a bloodstained altar of Trog.
   919 | D:3      | 919 ||| Stepping ~*~*~tactically~*~*~ (stealth).
   920 | D:3      | 920 ||| Stepping ~*~*~tactically~*~*~ (stealth).
   924 | D:3      | Reached XP level 4. HP: 28/28 MP: 4/4
   937 | D:3      | Reached skill level 4 in Axes
   962 | D:3      | 962 ||| DROPPING +0 whip.
   966 | D:3      | 966 ||| READING scroll labelled SEWOED FUWUMAFEACH.
   984 | D:2      | 984 ||| Stepping ~*~*~tactically~*~*~ (stealth).
   985 | D:2      | 985 ||| Stepping ~*~*~tactically~*~*~ (stealth).
  1444 | D:2      | 1444 ||| READING scroll labelled FAUCKEAPNAFU.
  1625 | D:3      | Noticed an ice beast
  1628 | D:3      | HP: 6/28 [ice beast (13)]
  1630 | D:3      | Slain by an ice beast

Levels and vault maps discovered:
D:1:      shiori_arrival_whats_in_store_for_you, layout_rooms,
          basic_ecumenical_altar, amcnicky_mini_corridor_feature,
          nicolae_figureground_pulse
D:2:      layout_loops_ring
D:3:      layout_basic, mainiacjoe_overflow_divided_tiny, grunt_ministairs_6,
          minivault_11, kennysheep_potato, uniq_natasha

Skill      XL: |  1  2  3  4 |
---------------+-------------+-----
Axes           | 2 3 4 |  4.2
Throwing       | 1 |  1.1
Fighting       | |  3.2
Armour         | |  3.2
Shields        | |  3.2

Action                     |  1- 3 |  4- 6 || total
---------------------------+-------+-------++-------
  Melee: War axe           |    81 |    72 ||   153
  Throw: Javelin           |    11 |     4 ||    15
    Use: Scroll            |     2 |     2 ||     4
         Potion            |     1 |       ||     1
 Armour: Scale mail        |    40 |    27 ||    67
  Dodge: Dodged            |    33 |    31 ||    64
  Block: Buckler           |     9 |    21 ||    30

Table legend:
 A = Non-vault XP
 B = Vault XP
 C = Vault XP percentage of total XP
 D = Non-vault monster count
 E = Vault monster count
 F = Vault count percentage of total count
                 A         B        C        D         E       F
            +---------+---------+-------+---------+---------+-------
      Total |     154 |       3 |   1.9 |      55 |       2 |   3.5
            +---------+---------+-------+---------+---------+-------
        D:1 |      35 |       0 |   0.0 |      22 |       0 |   0.0
        D:2 |      44 |       0 |   0.0 |      22 |       0 |   0.0
        D:3 |      75 |       3 |   3.8 |      11 |       2 |  15.4
            +---------+---------+-------+---------+---------+-------
